MLB
COLORADO ROCKIES @ HOUSTON ASTROS
08/21/2048
 
TOP OF THE 1ST
Colorado Rockies batting - Pitching for Houston Astros : RHP Brian Lynch
Pitching: RHP Brian Lynch
Batting: SHB Eddie Quinones 0-0: Called Strike
0-1: Called Strike
0-2: Foul Ball, location: 2F
0-2: Ball
1-2: Foul Ball, location: 2F
1-2: Strikes out swinging
Batting: RHB Henry Alvizo 0-0: Called Strike
0-1: Ball
1-1: Ball
2-1: Swinging Strike
2-2: Ball
3-2: Strikes out swinging
Batting: RHB Joel Haycock 0-0: Called Strike
0-1: Ball
1-1: Ball
2-1: Fly out, F4 (Line Drive, 4, EV 65.0 MPH)
Top of the 1st over - 0 runs, 0 hits, 0 errors, 0 left on base; Colorado 0 - Houston 0
BOTTOM OF THE 1ST
Houston Astros batting - Pitching for Colorado Rockies : RHP Colin Lancey Jr.
Pitching: RHP Colin Lancey Jr.
Batting: RHB Jesse Scott 0-0: Ball
1-0: Ball
2-0: Ground out 5-3 (Groundball, 56, EV 106.2 MPH)
Batting: RHB Jeremy Trump 0-0: Called Strike
0-1: Ball
1-1: Ball
2-1: Foul Ball, location: 2F
2-2: Strikes out swinging
Batting: SHB Jason Woods 0-0: Called Strike
0-1: Ball
1-1: Ground out 1-3 (Groundball, 23, EV 70.6 MPH)
Bottom of the 1st over - 0 runs, 0 hits, 0 errors, 0 left on base; Colorado 0 - Houston 0
TOP OF THE 2ND
Colorado Rockies batting - Pitching for Houston Astros : RHP Brian Lynch
Batting: LHB Freddy Troncoso 0-0: Ball
1-0: Ball
2-0: SOLO HOME RUN (Flyball, 89XD, EV 103.8 MPH), Distance : 403 ft
Batting: RHB Jason Andrews 0-0: Foul Ball, location: 2F
0-1: Ball
1-1: Ball
2-1: Swinging Strike
2-2: Strikes out looking
Batting: SHB Jon Munoz 0-0: Called Strike
0-1: Foul Ball, location: 2F
0-2: Ball
1-2: Ball
2-2: Ground out 6-3 (Groundball, 6, EV 99.4 MPH)
Batting: SHB Andy Vivas 0-0: Called Strike
0-1: Swinging Strike
0-2: Strikes out swinging
Top of the 2nd over - 1 run, 1 hit, 0 errors, 0 left on base; Colorado 1 - Houston 0
BOTTOM OF THE 2ND
Houston Astros batting - Pitching for Colorado Rockies : RHP Colin Lancey Jr.
Batting: LHB Jack Christie 0-0: Called Strike
0-1: Fly out, F7 (Flyball, 78M, EV 77.5 MPH)
Batting: SHB Joe Gardner 0-0: Foul Ball, location: 2F
0-1: Ball
1-1: Called Strike
1-2: Ball
2-2: Ground out 6-3 (Groundball, 6, EV 100.6 MPH)
Batting: LHB Eric Katz 0-0: Ball
1-0: Called Strike
1-1: Ball
2-1: Ball
3-1: Base on Balls
Batting: SHB Rich Chavez 0-0: Called Strike
0-1: Fly out, F7 (Flyball, 78S, EV 81.2 MPH)
Bottom of the 2nd over - 0 runs, 0 hits, 0 errors, 1 left on base; Colorado 1 - Houston 0
TOP OF THE 3RD
Colorado Rockies batting - Pitching for Houston Astros : RHP Brian Lynch
Batting: SHB Billy Encinias 0-0: Ball
1-0: Foul Ball, location: 2F
1-1: Bunt for hit to 13 - play at first, batter safe!
Batting: RHB Sterling Acosta 0-0: Ball
1-0: Swinging Strike
1-1: Ball
2-1: Called Strike
2-2: Foul Ball, location: 2F
2-2: Strikes out swinging
Batting: SHB Eddie Quinones 0-0: Called Strike
0-1: Called Strike
0-2: Strikes out swinging
Batting: RHB Henry Alvizo 0-0: Called Strike
Billy Encinias is caught stealing 2nd base 2-4
Top of the 3rd over - 0 runs, 1 hit, 0 errors, 0 left on base; Colorado 1 - Houston 0
BOTTOM OF THE 3RD
Houston Astros batting - Pitching for Colorado Rockies : RHP Colin Lancey Jr.
Batting: RHB Eric Chotkowski 0-0: Foul Ball, location: 2F
0-1: Ball
1-1: Called Strike
1-2: Strikes out looking
Batting: SHB Troy Kenyon 0-0: Called Strike
0-1: Ball
1-1: Ball
2-1: Swinging Strike
2-2: Strikes out looking
Batting: RHB Jesse Scott 0-0: Ground out 3-1 (Groundball, 34, EV 96.2 MPH)
Bottom of the 3rd over - 0 runs, 0 hits, 0 errors, 0 left on base; Colorado 1 - Houston 0
TOP OF THE 4TH
Colorado Rockies batting - Pitching for Houston Astros : RHP Brian Lynch
Batting: RHB Henry Alvizo 0-0: Ball
1-0: Foul Ball, location: 2F
1-1: Ball
2-1: Ball
3-1: Base on Balls
Batting: RHB Joel Haycock 0-0: Called Strike
0-1: Ball
1-1: Called Strike
1-2: Foul Ball, location: 2F
1-2: Strikes out swinging
Batting: LHB Freddy Troncoso 0-0: Fielders Choice at 2nd, 4-6 (Groundball, 4, EV 93.8 MPH)
Batting: RHB Jason Andrews 0-0: Called Strike
0-1: Fly out, F9 (Flyball, 89M, EV 86.9 MPH)
Top of the 4th over - 0 runs, 0 hits, 0 errors, 1 left on base; Colorado 1 - Houston 0
BOTTOM OF THE 4TH
Houston Astros batting - Pitching for Colorado Rockies : RHP Colin Lancey Jr.
Batting: RHB Jeremy Trump 0-0: Ball
1-0: Fly out, F7 (Flyball, 7, EV 90.6 MPH)
Batting: SHB Jason Woods 0-0: Ball
1-0: Foul Ball, location: 2F
1-1: Called Strike
1-2: Strikes out swinging
Batting: LHB Jack Christie 0-0: Called Strike
0-1: Called Strike
0-2: Fly out, F8 (Flyball, 8RXD, EV 93.8 MPH)
Bottom of the 4th over - 0 runs, 0 hits, 0 errors, 0 left on base; Colorado 1 - Houston 0
TOP OF THE 5TH
Colorado Rockies batting - Pitching for Houston Astros : RHP Brian Lynch
Batting: SHB Jon Munoz 0-0: Ground out 5-3 (Groundball, 56, EV 81.9 MPH)
Batting: SHB Andy Vivas 0-0: Ground out 6-3 (Groundball, 6, EV 90.6 MPH)
Batting: SHB Billy Encinias 0-0: Ball
1-0: Ball
2-0: Swinging Strike
2-1: Foul Ball, location: 2F
2-2: Ball
3-2: Strikes out swinging
Top of the 5th over - 0 runs, 0 hits, 0 errors, 0 left on base; Colorado 1 - Houston 0
BOTTOM OF THE 5TH
Houston Astros batting - Pitching for Colorado Rockies : RHP Colin Lancey Jr.
Batting: SHB Joe Gardner 0-0: Called Strike
0-1: Ball
1-1: Ball
2-1: Foul Ball, location: 2F
2-2: Ball
3-2: Base on Balls
Batting: LHB Eric Katz 0-0: Reached on error, E1 (Groundball, 13S, EV 72.5 MPH)
Joe Gardner to second
Batting: SHB Rich Chavez 0-0: Foul Ball, location: 2F
0-1: Fly out, F5 (Popup, 56S, EV 87.5 MPH)
Batting: RHB Eric Chotkowski 0-0: SINGLE (Line Drive, 34D, EV 98.1 MPH)
Joe Gardner to third
Eric Katz to second
Batting: SHB Troy Kenyon 0-0: Ball
1-0: SINGLE (Line Drive, 34, EV 102.5 MPH)
Joe Gardner scores
Eric Katz to third
Eric Chotkowski to second
Batting: RHB Jesse Scott 0-0: Called Strike
0-1: Ball
1-1: SINGLE (Line Drive, 8RS, EV 93.8 MPH)
Eric Katz scores
Eric Chotkowski to third
Troy Kenyon to second
Runner from 3rd tries for Home, throw by CF and OUT! 8-2
Troy Kenyon to third
Jesse Scott to second
Batting: RHB Jeremy Trump 0-0: Ball
1-0: Foul Ball, location: 2F
1-1: Called Strike
1-2: Strikes out swinging
Bottom of the 5th over - 2 runs, 3 hits, 1 error, 2 left on base; Colorado 1 - Houston 2
TOP OF THE 6TH
Colorado Rockies batting - Pitching for Houston Astros : RHP Brian Lynch
Batting: RHB Sterling Acosta 0-0: Ball
1-0: Swinging Strike
1-1: Ground out U3 (Groundball, 3L, EV 88.8 MPH)
Batting: SHB Eddie Quinones 0-0: Foul Ball, location: 2F
0-1: Ball
1-1: Foul Ball, location: 2F
1-2: Ball
2-2: Ball
3-2: Base on Balls
Batting: RHB Henry Alvizo 0-0: Ball
1-0: Ball
2-0: Called Strike
2-1: SINGLE (Groundball, 15S, EV 58.8 MPH) (infield hit)
Eddie Quinones to second
Batting: RHB Joel Haycock 0-0: Ball
1-0: Called Strike
1-1: Swinging Strike
1-2: Strikes out looking
Batting: LHB Freddy Troncoso 0-0: Swinging Strike
0-1: Ground out 2-3 (Groundball, 13S, EV 72.5 MPH)
Top of the 6th over - 0 runs, 1 hit, 0 errors, 2 left on base; Colorado 1 - Houston 2
BOTTOM OF THE 6TH
Houston Astros batting - Pitching for Colorado Rockies : RHP Colin Lancey Jr.
Batting: SHB Jason Woods 0-0: Ball
1-0: Foul Ball, location: 2F
1-1: Ball
2-1: Ball
3-1: SINGLE (Groundball, 4D, EV 106.9 MPH)
Batting: LHB Jack Christie 0-0: Ground out 6-3 (Groundball, 6M, EV 83.8 MPH)
Jason Woods to second
Batting: SHB Joe Gardner 0-0: Ball
Jason Woods steals 3rd base
1-0: Ball
2-0: Foul Ball, location: 2F
2-1: 2-RUN HOME RUN (Flyball, 89XD, EV 103.1 MPH), Distance : 405 ft
Batting: LHB Eric Katz 0-0: Ball
1-0: Ball
2-0: Called Strike
2-1: Foul Ball, location: 2F
2-2: Strikes out swinging
Batting: SHB Rich Chavez 0-0: Called Strike
0-1: Swinging Strike
0-2: Strikes out looking
Bottom of the 6th over - 2 runs, 2 hits, 0 errors, 0 left on base; Colorado 1 - Houston 4
TOP OF THE 7TH
Colorado Rockies batting - Pitching for Houston Astros : RHP Brian Lynch
Batting: RHB Jason Andrews 0-0: Foul Ball, location: 2F
0-1: Foul Ball, location: 2F
0-2: Strikes out swinging
Batting: SHB Jon Munoz 0-0: Ball
1-0: SINGLE (Groundball, 4MD, EV 106.9 MPH)
Batting: SHB Andy Vivas 0-0: Called Strike
0-1: Ball
1-1: SINGLE (Flyball, 4D, EV 82.5 MPH)
Jon Munoz to second
Batting: SHB Billy Encinias 0-0: Ball
1-0: Foul Ball, location: 2F
1-1: Foul Ball, location: 2F
1-2: Foul Ball, location: 2F
1-2: Strikes out looking
Pitching: RHP Aaron Shapiro
Batting: RHB Sterling Acosta 0-0: SINGLE (Flyball, 4MD, EV 89.4 MPH)
Jon Munoz to third
Andy Vivas to second
Runner from 3rd tries for Home, SAFE, throw by CF to home
Batting: SHB Eddie Quinones 0-0: Ball
1-0: Ball
2-0: Foul Ball, location: 2F
2-1: Swinging Strike
2-2: Strikes out swinging
Top of the 7th over - 1 run, 3 hits, 0 errors, 2 left on base; Colorado 2 - Houston 4
BOTTOM OF THE 7TH
Houston Astros batting - Pitching for Colorado Rockies : RHP Colin Lancey Jr.
Batting: RHB Eric Chotkowski 0-0: Ball
1-0: Ball
2-0: Called Strike
2-1: Called Strike
2-2: Ball
3-2: Strikes out looking
Batting: SHB Troy Kenyon 0-0: Swinging Strike
0-1: DOUBLE (Flyball, 78XD, EV 103.8 MPH)
Batting: RHB Jesse Scott 0-0: Ball
1-0: Ball
2-0: Ground out 6-3 (Groundball, 6, EV 90.0 MPH)
Batting: RHB Jeremy Trump 0-0: Fly out, F8 (Line Drive, 89M, EV 89.4 MPH)
Bottom of the 7th over - 0 runs, 1 hit, 0 errors, 1 left on base; Colorado 2 - Houston 4
TOP OF THE 8TH
Colorado Rockies batting - Pitching for Houston Astros : RHP Aaron Shapiro
Batting: RHB Henry Alvizo 0-0: Called Strike
0-1: Ground out 6-3 (Groundball, 6M, EV 101.2 MPH)
Batting: RHB Joel Haycock 0-0: Called Strike
0-1: Ball
1-1: Swinging Strike
1-2: Strikes out swinging
Batting: LHB Freddy Troncoso 0-0: Ball
1-0: Foul Ball, location: 2F
1-1: Foul Ball, location: 2F
1-2: Strikes out looking
Top of the 8th over - 0 runs, 0 hits, 0 errors, 0 left on base; Colorado 2 - Houston 4
BOTTOM OF THE 8TH
Houston Astros batting - Pitching for Colorado Rockies : RHP Colin Lancey Jr.
Batting: SHB Jason Woods 0-0: Ball
1-0: Swinging Strike
1-1: Fly out, F4 (Line Drive, 4, EV 69.4 MPH)
Batting: LHB Jack Christie 0-0: Called Strike
0-1: Ground out 4-3 (Groundball, 4, EV 98.8 MPH)
Batting: SHB Joe Gardner 0-0: Called Strike
0-1: Fly out, F7 (Flyball, 7LS, EV 78.8 MPH)
Bottom of the 8th over - 0 runs, 0 hits, 0 errors, 0 left on base; Colorado 2 - Houston 4
TOP OF THE 9TH
Colorado Rockies batting - Pitching for Houston Astros : RHP Aaron Shapiro
Pitching: LHP Brian Thomas
Batting: RHB Jason Andrews 0-0: Called Strike
0-1: Foul Ball, location: 2F
0-2: Strikes out swinging
Batting: SHB Jon Munoz 0-0: Ball
1-0: Called Strike
1-1: Ball
2-1: Foul Ball, location: 2F
2-2: Foul Ball, location: 2F
2-2: Foul Ball, location: 2F
2-2: Ball
3-2: Ground out 4-3 (Groundball, 34, EV 105.0 MPH)
Batting: SHB Andy Vivas 0-0: Called Strike
0-1: Swinging Strike
0-2: Ball
1-2: Ball
2-2: Ball
3-2: Foul Ball, location: 2F
3-2: Foul Ball, location: 2F
3-2: Ground out 5-3 (Groundball, 56, EV 96.9 MPH)
Top of the 9th over - 0 runs, 0 hits, 0 errors, 0 left on base; Colorado 2 - Houston 4
Tuesday, March 28th , 2023 - OOTP Baseball 23.10 Build 110